 Dungeon Crawl Stone Soup version 0.30-a0-381-g6ea064c7b4 (webtiles) character file.

Game seed: 70457725749785359

179 qeuew the Trooper (level 5, -5/43 HPs)
             Began as a Demonspawn Monk on Dec 1, 2022.
             Was an Elder of Jiyva.
             Killed by nerve-wracking pain
             ... invoked by Grinder
              (13 damage)
             ... on level 4 of the Dungeon.
             The game lasted 00:03:31 (1878 turns).

qeuew the Trooper (Demonspawn Monk)                 Turns: 1878, Time: 00:03:31

Health: -5/43      AC:  2    Str: 21    XL:     5   Next: 33%
Magic:  1/5        EV: 13    Int: 10    God:    Jiyva [****..]
Gold:   116        SH:  0    Dex: 13    Spells: 4/4 levels left

rFire   . . .      SeeInvis .    a - +0 hand axe
rCold   + . .      Faith    .    (no shield)
rNeg    . . .      Spirit   .    b - +0 robe
rPois   +          Reflect  .    (no helmet)
rElec   .          Harm     .    (no cloak)
rCorr   +          Rampage  .    (no gloves)
Will    .....                    (no boots)
Stlth   ++........               (no amulet)
HPRegen 1.55/turn                e - ring of protection from cold
MPRegen 0.49/turn                h - ring of poison resistance

@: slimy
A: foul stench 1, mutation resistance 2, strong 2, wild magic 2, acidic bite
a: Renounce Religion, Oozemancy, Slimify


You were on level 4 of the Dungeon.
You worshipped Jiyva.
Jiyva was greatly pleased with you.
You visited 1 branch of the dungeon, and saw 4 of its levels.

You collected 116 gold pieces.

Inventory:

Hand Weapons
 a - a +0 hand axe (weapon)
Armour
 b - a +0 robe (worn)
Jewellery
 e - a ring of protection from cold (left hand)
 h - a ring of poison resistance (right hand)
Scrolls
 g - 3 scrolls of poison
Potions
 c - a potion of ambrosia


   Skills:
 * Level 4.4 Fighting
 + Level 3.4 Axes
 + Level 1.8 Armour
 + Level 3.4 Dodging
 - Level 1.7 Stealth


You had 4 spell levels left.
You didn't know any spells.
Your spell library was empty.

Dungeon Overview and Level Annotations

Branches:
Dungeon (4/15)
 Temple: D:4-7

Altars:
Kikubaaqudgha
Qazlal
Jiyva

Annotations:
D:3 2 transporters
D:4 Grinder


Innate Abilities, Weirdness & Mutations

You may rarely emit foul miasma when damaged in melee.
You are somewhat resistant to both further mutation and mutation removal.
Your muscles are very strong. (Str +8, Int/Dex -2)
Your spells are harder to cast, but more powerful.
You have acidic saliva.


Message History

Grinder is severely wounded.
Grinder gestures at you.
You suddenly lose the ability to move!
You hear a distant slurping noise.
Grinder hits you!
* * * LOW HITPOINT WARNING * * *
You writhe in agony.
* * * LOW HITPOINT WARNING * * *
Grinder barely misses you.
Grinder blinks!
You can move again.
Grinder gestures at you.
You shrug off the repeated paralysis!
Unknown command.
You hit Grinder.
Grinder is severely wounded.
Grinder gestures at you.
You suddenly lose the ability to move!
Grinder hits you!
You writhe in agony.
* * * LOW HITPOINT WARNING * * *
Grinder gestures at you.
You shrug off the repeated paralysis!
Grinder hits you!
* * * LOW HITPOINT WARNING * * *
You can move again.
You feel better. Grinder hits you!
* * * LOW HITPOINT WARNING * * *
You writhe in agony.
* * * LOW HITPOINT WARNING * * *
You emit a cloud of foul miasma!
Unknown command.
A thick mucus forms on your +0 hand axe.
You will no longer expel jellies when injured.
Grinder says, "There's only one good use for a tongue: cutting it out."
Grinder closely misses you.
You hit Grinder but do no damage.
Grinder is severely wounded.
Grinder gestures at you. Pain shoots through your body!
You die...

.#.. ###
..#.# .. .$..
###.###..##.
#...........
##...........
#....@)#
#...5..#
#....!.#
#.###.## #.#
#.# #.# #.#
#.# #.# #.#
#.# ##>###.#


You could see Grinder.

Vanquished Creatures
  Sigmund (D:2)
  4 adders
  2 worms
  A dart slug (D:2)
  3 orcs (D:3)
  6 ball pythons
  9 bats
  3 giant cockroaches
  3 goblins
  8 hobgoblins
  4 kobolds
  2 rats (D:1)
46 creatures vanquished.

Vanquished Creatures (others)
  An orc wizard (D:3)
  An adder (D:3)
  2 orcs (D:3)
  3 endoplasms
  2 giant cockroaches
  2 goblins
  A hobgoblin (D:3)
  A kobold (D:2)
  A rat (D:3)
  6 withered plants (D:3)
20 creatures vanquished.

Grand Total: 66 creatures vanquished

Notes
Turn   | Place    | Note
-------+----------+-------------------------------------------
     0 | D:1      | qeuew the Demonspawn Monk began the quest for the Orb.
     0 | D:1      | Reached XP level 1. HP: 18/18 MP: 1/1
    10 | D:1      | Found a faded altar of an unknown god.
    46 | D:1      | Prayed at the altar of an unknown god.
    46 | D:1      | Became a worshipper of Jiyva Jaefu the Shapeless
    46 | D:1      | Reached * piety under Jiyva
    46 | D:1      | Reached ** piety under Jiyva
   178 | D:1      | Gained mutation: You may rarely emit foul miasma when
                  | damaged in melee. [demonic ancestry]
   178 | D:1      | Reached XP level 2. HP: 24/24 MP: 2/2
   224 | D:1      | Reached *** piety under Jiyva
   333 | D:1      | Gained mutation: Your spells are a little harder to cast,
                  | but a little more powerful. [Jiyva's grace]
   333 | D:1      | Gained mutation: Your spells are harder to cast, but more
                  | powerful. [Jiyva's grace]
   333 | D:1      | Gained mutation: Your spells are much harder to cast, but
                  | much more powerful. [Jiyva's grace]
   333 | D:1      | Gained mutation: You have acidic saliva. [Jiyva's grace]
   424 | D:2      | Found a stormy altar of Qazlal.
   563 | D:2      | Reached XP level 3. HP: 29/29 MP: 3/3
   645 | D:2      | Reached **** piety under Jiyva
   768 | D:2      | Noticed Sigmund
   782 | D:2      | Killed Sigmund
   783 | D:2      | Reached skill level 4 in Fighting
   783 | D:2      | Reached skill level 1 in Armour
   783 | D:2      | Reached XP level 4. HP: 13/37 MP: 2/4
  1361 | D:3      | Found a transporter.
  1383 | D:3      | Reached XP level 5. HP: 42/42 MP: 5/5
  1430 | D:3      | Found an ancient bone altar of Kikubaaqudgha.
  1538 | D:3      | Reached ***** piety under Jiyva
  1538 | D:3      | Lost mutation: Your spells are much harder to cast, but
                  | much more powerful. [Jiyva's grace]
  1538 | D:3      | Gained mutation: Your muscles are strong. (Str +4, Int/Dex
                  | -1) [Jiyva's grace]
  1538 | D:3      | Gained mutation: Your muscles are very strong. (Str +8,
                  | Int/Dex -2) [Jiyva's grace]
  1538 | D:3      | Gained mutation: You are somewhat resistant to further
                  | mutation. [Jiyva's grace]
  1538 | D:3      | Gained mutation: You are somewhat resistant to both further
                  | mutation and mutation removal. [Jiyva's grace]
  1671 | D:3      | Found a transporter.
  1854 | D:4      | Noticed Grinder
  1867 | D:4      | Paralysed by Grinder for 4 turns
  1872 | D:4      | Paralysed by Grinder for 4 turns
  1878 | D:4      | Killed from afar by Grinder

Illustrated notes

Levels and vault maps discovered:
D:1:      dpeg_arrival_rhombus, layout_rooms, ebering_ecumenical_altar_rust,
          chequers_serial_rivers_micro_c
D:2:      layout_basic, basic_altar, kennysheep_pointless_box, uniq_sigmund
D:3:      gammafunk_steamed_eel, layout_basic, kiku_gazebo_garden_becter
D:4:      layout_loops_ring, minmay_temple_entry_ruins, ebering_ghost_sewer_f,
          uniq_grinder

Skill      XL: |  1  2  3 |
---------------+----------+-----
Dodging        | 3 |  3.4
Axes           | 3 |  3.4
Fighting       | 4 |  4.4
Armour         | 1 |  1.8
Stealth        | |  1.7

Action                   |  1- 3 |  4- 6 || total
-------------------------+-------+-------++-------
Melee: Hand axe          |   101 |   110 ||   211
       Punch             |     1 |     2 ||     3
       Bite              |     1 |    13 ||    14
Invok: Oozemancy         |     1 |       ||     1
       Slimify           |       |     1 ||     1
  Use: Scroll            |     2 |     2 ||     4
       Potion            |       |     2 ||     2
 Stab: Sleeping          |     3 |     1 ||     4
Armor: Robe              |    17 |    20 ||    37
Dodge: Dodged            |    79 |    95 ||   174

Table legend: (Time is in decaauts)
 A = Elapsed time spent in this place.
 B = Non-inter-level travel time spent in this place.
 C = Inter-level travel time spent in this place.
 D = Time resting spent in this place.
 E = Time spent auto-exploring this place.
 F = Levels seen in this place.
 G = Mean time per level.
                   A        B        C        D        E       F      G
               +--------+--------+--------+--------+--------+-----+--------+
         Total |   1906 |   1820 |     86 |      0 |   1362 |   4 |  476.5 |
       Dungeon |   1906 |   1820 |     86 |      0 |   1362 |   4 |  476.5 |
               +--------+--------+--------+--------+--------+-----+--------+

Top non-repeatable levels by time:
     D:2: 940 daAuts
     D:3: 502 daAuts
     D:1: 416 daAuts
     D:4: 47 daAuts
